Map: Catalyst LE

Players

Lambo - Winner!

  • Race: Zerg Zerg
  • League: Grandmaster
  • Spawn Location: 5:00

LiquidMaNa (MaNa)

  • Race: Protoss Protoss
  • League: Master
  • Spawn Location: 11:00

Event: HomeStory Cup XVI

VOD

Have the link to the VOD?

Description

Time

  • Played on: Nov. 9, 2017, 1:08 p.m.
  • Length: 10:10

All games in this series

Show
View Real Time Build Order
Export as new Build Order

Lambo Zerg - Winner!

Build Orders: Hatch First 

Get SALT Encoding   

  12  0:00  Drone  
  13  0:13  Overlord  
  13  0:18  Drone  
  14  0:31  Drone x2  
  16  0:48  Hatchery  
  15  0:51  Drone  
  15  0:55  Drone  
  17  0:59  Drone  
  18  1:09  Extractor  
  17  1:14  Spawning Pool  
  17  1:17  Drone  
  17  1:21  Drone  
  18  1:29  Drone  
  19  1:39  Drone  
  20  1:50  Overlord  
  20  2:01  Queen x2  
  22  2:02  Zergling x4  
  26  2:09  Metabolic Boost  
  26  2:13  Drone  
  26  2:15  Drone  
  28  2:22  Drone  
  29  2:23  Drone  
  30  2:39  Hatchery  
  30  2:41  Drone  
  30  2:48  Drone  
  30  2:49  Pneumatized Carapace  
  31  2:53  Overlord  
  31  2:56  Drone  
  32  2:58  Drone  
  32  3:02  Drone  
  34  3:05  Drone x2  
  36  3:13  Drone x3  
  36  3:16  Drone  
  40  3:20  Queen  
  40  3:21  Drone  
  43  3:27  Spore Crawler, Drone  
  43  3:31  Spore Crawler  
  43  3:32  Drone  
  43  3:34  Drone  
  43  3:39  Evolution Chamber  
  43  3:40  Overlord  
  43  3:42  Drone  
  43  3:48  Roach Warren  
  44  3:50  Lair  
  44  3:52  Drone  
  44  3:55  Drone  
  47  3:58  Extractor, Queen  
  47  4:02  Drone x2  
  50  4:04  Drone  
  50  4:05  Drone  
  50  4:08  Drone  
  53  4:14  Zergling x6  
  53  4:16  Queen  
  58  4:22  Overlord  
  58  4:26  Overlord  
  58  4:40  Roach, Queen  
  58  4:41  Roach x2  
  58  4:43  Overlord  
  58  4:44  Roach  
  58  4:45  Roach x3  
  74  4:51  Overlord  
  74  4:57  Roach  
  74  5:00  Overlord  
  74  5:02  Zergling x8, Overseer  
  74  5:03  Roach, Zergling x2  
  81  5:08  Zergling x6  
  81  5:11  Roach  
  79  5:21  Drone x2  
  79  5:22  Drone x3  
  79  5:25  Drone x3  
  82  5:28  Drone  
  82  5:29  Drone  
  82  5:35  Roach  
  86  5:36  Glial Reconstitution  
  86  5:38  Evolution Chamber  
  85  5:44  Drone x2  
  85  5:46  Drone  
  88  5:51  Drone x2  
  88  5:55  Hatchery  
  88  5:56  Drone  
  90  6:00  Roach x4  
  98  6:07  Drone  
  98  6:08  Overlord  
  98  6:10  Overlord  
  96  6:11  Overlord  
  96  6:15  Zerg Melee Weapons Level 1  
  96  6:16  Baneling Nest  
  96  6:17  Overlord  
  95  6:20  Overlord  
  95  6:23  Overlord  
  95  6:26  Queen, Overlord  
  95  6:27  Overlord  
  95  6:30  Drone x4  
  101  6:33  Extractor x2  
  101  6:37  Drone x5  
  101  6:39  Roach  
  106  6:42  Drone  
  106  6:49  Roach  
  106  6:54  Roach x4  
  114  6:58  Roach  
  114  6:59  Roach  
  117  7:03  Extractor  
  117  7:06  Roach, Zergling x8  
  122  7:17  Drone  
  122  7:18  Drone  
  122  7:20  Drone  
  125  7:23  Hatchery  
  125  7:29  Drone x3  
  127  7:32  Roach, Zergling x14  
  136  7:37  Overlord  
  136  7:39  Drone x3  
  136  7:40  Ravager x2, Drone  
  136  7:41  Ravager  
  136  7:42  Centrifical Hooks  
  143  7:44  Zergling x2  
  143  7:47  Overlord  
  143  7:49  Overlord  
  144  7:56  Overlord x2  
  144  7:58  Drone  
  144  8:00  Infestation Pit  
  144  8:02  Ravager x2  
  146  8:11  Roach  
  146  8:12  Roach x2, Zergling x12  
  157  8:16  Overseer  
  156  8:20  Baneling x10, Zergling x2  
  156  8:21  Zergling x6  
  156  8:24  Roach, Zergling x8  
  166  8:27  Baneling  
  166  8:28  Baneling x2  
  166  8:31  Zergling x18  
  175  8:44  Zergling x6  
  175  8:47  Hive  
  178  8:51  Zergling x2  
  178  8:52  Extractor, Zergling x16  
  186  8:56  Overseer  
  186  9:02  Drone x3  
  189  9:08  Zergling x2  
  189  9:09  Overlord  
  189  9:15  Overlord, Baneling x9  
  189  9:18  Hatchery  
  189  9:22  Zergling x2  
  189  9:23  Zergling x2  
  189  9:24  Baneling x3  
  190  9:26  Overlord  
  189  9:33  Zergling x26  
  189  9:35  Zergling x6  
  189  9:37  Zergling x4  
  191  9:39  Zergling x8  
  181  9:46  Roach  
  181  9:47  Roach x2, Zergling x4  
  181  9:50  Roach x3  
Show
View Real Time Build Order
Export as new Build Order

LiquidMaNa Protoss 

Build Orders: 1 Gate Expand, Archon Immortal, Zealot Archon, Archon Drop, Dark Templar Rush 

Get SALT Encoding   

  12  0:02  Probe (Chrono Boost)  
  14  0:14  Probe (Chrono Boost)  
  14  0:19  Pylon  
  14  0:26  Probe (Chrono Boost)  
  15  0:33  Probe (Chrono Boost)  
  15  0:41  Probe (Chrono Boost)  
  16  0:44  Gateway  
  17  0:53  Probe (Chrono Boost)  
  17  0:55  Assimilator  
  18  1:00  Probe (Chrono Boost)  
  19  1:07  Probe (Chrono Boost)  
  20  1:26  Nexus  
  20  1:36  Cybernetics Core  
  21  1:41  Probe (Chrono Boost)  
  21  1:45  Assimilator  
  21  1:53  Probe (Chrono Boost)  
  22  1:57  Pylon  
  22  2:05  Probe (Chrono Boost)  
  23  2:14  Warp Gate  
  23  2:15  Stalker, Probe (Chrono Boost)  
  23  2:21  Probe (Chrono Boost)  
  27  2:32  Probe (Chrono Boost)  
  27  2:35  Robotics Facility  
  28  2:40  Probe (Chrono Boost)  
  30  2:44  Probe (Chrono Boost)  
  30  2:49  Twilight Council  
  31  2:53  Probe (Chrono Boost)  
  31  2:56  Probe (Chrono Boost)  
  32  3:08  Probe (Chrono Boost)  
  32  3:10  Gateway  
  32  3:11  Charge  
  33  3:17  Warp Prism, Gateway  
  33  3:19  Gateway  
  33  3:31  Probe (Chrono Boost)  
  37  3:34  Probe (Chrono Boost)  
  37  3:42  Pylon  
  37  3:44  Probe (Chrono Boost)  
  37  3:46  Probe (Chrono Boost)  
  39  3:51  Dark Shrine  
  40  3:57  Observer, Probe (Chrono Boost)  
  40  3:58  Probe (Chrono Boost)  
  40  4:02  Pylon  
  42  4:09  Probe (Chrono Boost)  
  43  4:16  Zealot x4  
  51  4:21  Pylon  
  51  4:37  Zealot  
  51  4:38  Zealot x3  
  59  4:41  Pylon  
  59  4:45  Pylon  
  59  5:08  Dark Templar x3  
  59  5:13  Dark Templar  
  67  5:15  Nexus, Immortal  
  63  5:23  Probe (Chrono Boost)  
  53  5:30  Probe (Chrono Boost)  
  53  5:35  Assimilator, Probe (Chrono Boost)  
  58  5:36  Assimilator  
  58  5:42  Probe (Chrono Boost)  
  59  5:47  Archon, Probe (Chrono Boost)  
  60  5:54  Immortal, Dark Templar x2, Probe (Chrono Boost)  
  65  5:59  Archon, Probe (Chrono Boost)  
  66  6:14  Probe (Chrono Boost)  
  66  6:15  Probe (Chrono Boost)  
  66  6:17  Gateway  
  68  6:18  Gateway  
  68  6:19  Forge  
  68  6:20  Gateway  
  68  6:22  Sentry  
  68  6:25  Immortal  
  70  6:30  Probe x2 (Chrono Boost)  
  72  6:37  Probe (Chrono Boost)  
  77  6:40  Zealot x2  
  77  6:42  Probe x2 (Chrono Boost)  
  81  6:49  Shield Battery, Probe (Chrono Boost)  
  81  6:50  Zealot  
  81  6:51  Protoss Ground Weapons Level 1  
  83  6:54  Probe (Chrono Boost)  
  83  6:57  Probe (Chrono Boost)  
  83  7:00  Immortal  
  85  7:02  Probe (Chrono Boost)  
  85  7:06  Probe (Chrono Boost)  
  91  7:09  Probe (Chrono Boost)  
  91  7:18  Pylon  
  91  7:21  Dark Templar x2, Probe x2 (Chrono Boost)  
  91  7:22  Probe (Chrono Boost)  
  98  7:35  Archon  
  98  7:37  Dark Templar x2  
  98  7:39  Zealot x3  
  98  7:43  Archon  
  108  7:49  Probe (Chrono Boost)  
  109  7:52  Pylon  
  109  7:54  Pylon  
  109  7:57  Pylon  
  109  7:58  Pylon  
  109  8:00  Warp Prism  
  109  8:11  Robotics Bay  
  109  8:12  Probe x3 (Chrono Boost)  
  114  8:18  Assimilator  
  114  8:20  Assimilator  
  114  8:24  Probe x3 (Chrono Boost)  
  117  8:37  Observer, Probe x2 (Chrono Boost)  
  117  8:39  Colossus  
  117  8:41  Robotics Facility  
  119  8:52  Probe x2 (Chrono Boost)  
  119  8:53  Zealot  
  123  8:56  Shield Battery  
  123  8:59  Shield Battery  
  123  9:00  Pylon  
  123  9:01  Shield Battery  
  129  9:04  Shield Battery  
  129  9:05  Zealot  
  129  9:06  Zealot x3  
  137  9:21  Gateway  
  137  9:24  Sentry x2  
  139  9:28  Shield Battery  
  137  9:37  Zealot x2  
  137  9:38  Zealot x3  
  74  10:07  Zealot  
  74  10:08  Zealot x4  
Tags
 
Add a new tag
Caveats
  • Supply blocks, unpowered buildings, or Contaminate may cause inaccurate times.
  • Supply counts are checked every 10 seconds.